 Dungeon Crawl Stone Soup version 0.20-a0-222-gb69ddcd (webtiles) character file.

280 KristoblXynda the Shield-Bearer (level 6, -2/51 HPs)
             Began as a Draconian Fighter on Nov 29, 2016.
             Killed by nerve-wracking pain
             ... invoked by an orc priest
              (10 damage)
             ... on level 3 of the Dungeon.
             The game lasted 00:04:12 (2848 turns).

KristoblXynda the Shield-Bearer (Draconian Fighter) Turns: 2848, Time: 00:04:13

Health: -2/51      AC:  6    Str: 20    XL:     6   Next: 5%
Magic:  6/6        EV: 16    Int:  9    God:
Gold:   103        SH: 10    Dex: 15    Spells: 5/5 levels left

rFire  . . .     SeeInvis .     a - +0 war axe
rCold  + . .     Gourm    .     (armour unavailable)
rNeg   . . .     Faith    .     b - +0 shield
rPois  .         Spirit   .     (helmet restricted)
rElec  .         Reflect  .     (no cloak)
rCorr  .         Harm     .     (no gloves)
MR     .....                    (no boots)
Stlth  ++........               (no amulet)
                                (no ring)
                                h - ring of protection from cold

@: agile, invisible
A: unfitting armour, cold-blooded, AC +6
a: no special abilities


You were on level 3 of the Dungeon.
You were hungry.

You visited 1 branch of the dungeon, and saw 3 of its levels.

You collected 103 gold pieces.

Inventory:

Hand Weapons
 a - a +0 war axe (weapon)
Armour
 b - a +0 shield (worn)
Jewellery
 h - a ring of protection from cold (left hand)
 k - an uncursed amulet of rage {unknown}
 n - an uncursed ring of see invisible {unknown}
Scrolls
 i - a scroll of noise {unknown}
 p - a scroll of magic mapping {unknown}
 r - a scroll of teleportation {unknown}
 s - 2 scrolls of identify {unknown}
 t - a scroll of fear {unknown}
Potions
 c - a potion of might
 e - a potion of brilliance
 l - a potion of degeneration {unknown}
Books
 o - a book of Conjurations

   Spells                             Type                      Level
   a - Magic Dart                     Conjuration                  1
   b - Searing Ray                    Conjuration                  2
   c - Dazzling Spray                 Conjuration/Hexes            3
   d - Fulminant Prism                Conjuration/Hexes            4
   e - Iskenderun's Mystic Blast      Conjuration                  4
   f - Iskenderun's Battlesphere      Conjuration/Charms           5
Comestibles
 d - 4 bread rations
 f - a royal jelly
 g - 3 meat rations
 m - 2 fruits


   Skills:
 - Level 3.2 Fighting
 + Level 4.7 Axes
 - Level 3.0 Dodging
 + Level 5.0 Shields


You had 5 spell levels left.
You didn't know any spells.

Dungeon Overview and Level Annotations

Branches:
Dungeon (3/15)

Altars:
Nemelex Xobeh
The Shining One


Innate Abilities, Weirdness & Mutations

Your plain brown scales are hard. (AC +6)
You cannot fit into any form of body armour.
You are cold-blooded and may be slowed by cold attacks.


Message History

You kill the orc wizard!
Your Shields skill increases to level 5!
You have reached level 6!
Your experience leads to an increase in your attributes!
Increase (S)trength, (I)ntelligence, or (D)exterity?
You feel stronger.
Your scales feel tougher.
You block the orc priest's attack. The orc wizard casts a spell at you.
The magic dart hits you!
* * * LOW HITPOINT WARNING * * *
You block the orc priest's attack.
It was a potion of agility.
You feel agile all of a sudden.
The orc wizard mumbles some strange words.
Unknown command.
It was a potion of invisibility.
You fade into invisibility!
The orc priest mumbles some strange prayers to Beogh against you.
Pain shoots through your body!
You die...

.##....#...##..#.....####.##.##..
..+..............................
###....#.##.#........#####.#.####
######.#......(....#.# #.#.####
#.####.##...##.#.#.#.# #...##..
.......##...##.#.#.#.# ##..##.#
..####.##...##...o.###### #..##.#
...##..........o)†......###..##.#
.......#########@.##.....###.##.#
...###.# #..##.....# #..#.#
...###.#########..##.....###..#.#
...................'.............
#################.##.....###...##
..≈≈##.### #####.######.#.......
#.≈≈..##.## #.....######.#.#.#..#
≈≈≈≈.##.PP###.##......)#.....##.#
≈≈≈≈...##PP##.##......).)........


You could see an orc priest and an orc wizard.

Vanquished Creatures
  The ghost of zdt the Slasher, an amateur HuGl (D:3)
  2 orc wizards (D:3)
  4 gnolls (D:3)
  5 adders
  A worm (D:2)
  4 orcs (D:3)
  A giant cockroach (D:3)
  6 goblins
  3 hobgoblins
  8 jackals
  2 quokkas (D:3)
  8 bats
  2 frilled lizards
  8 kobolds
  6 rats
61 creatures vanquished.

Notes
Turn   | Place    | Note
-------+----------+-------------------------------------------
     0 | D:1      | KristoblXynda the Draconian Fighter began the quest for the Orb.
     0 | D:1      | Reached XP level 1. HP: 19/19 MP: 1/1
     3 | D:1      | Noticed a halfling
     5 | D:1      | Noticed a spriggan
     5 | D:1      | Noticed a tengu
     7 | D:1      | Noticed a demonspawn
     9 | D:1      | Noticed a formicid
     9 | D:1      | Noticed a gargoyle
    11 | D:1      | Noticed a merfolk
    11 | D:1      | Noticed a human
    13 | D:1      | Noticed a vine stalker
    13 | D:1      | Noticed an ogre
    15 | D:1      | Noticed a demigod
    15 | D:1      | Noticed a felid
    17 | D:1      | Noticed a dwarf
    17 | D:1      | Noticed an elf
    19 | D:1      | Noticed a draconian
    19 | D:1      | Noticed a ghoul
    21 | D:1      | Noticed a vampire
    21 | D:1      | Noticed a centaur
    25 | D:1      | Noticed an octopode
    25 | D:1      | Noticed a minotaur
    27 | D:1      | Noticed a troll
    27 | D:1      | Noticed a naga
   271 | D:1      | Reached XP level 2. HP: 13/26 MP: 2/2
   956 | D:2      | Reached XP level 3. HP: 31/31 MP: 3/3
  1032 | D:2      | Found a glowing golden altar of the Shining One.
  1566 | D:3      | Reached XP level 4. HP: 16/38 MP: 4/4
  1895 | D:3      | Reached skill level 4 in Shields
  2014 | D:3      | Noticed zdt's ghost (amateur HuGl)
  2034 | D:3      | Killed zdt's ghost
  2034 | D:3      | Reached XP level 5. HP: 13/45 MP: 5/5
  2569 | D:3      | Found a sparkling altar of Nemelex Xobeh.
  2846 | D:3      | Reached skill level 5 in Shields
  2846 | D:3      | Reached XP level 6. HP: 11/51 MP: 6/6
  2848 | D:3      | Killed from afar by an orc priest

Vault maps used:
D:1:      kb_arrival_jail, minmay_misc_feat_iff, serial_park_tiny_2,
          minmay_heptomino_w4
D:2:      lemuel_crystal_altar, first_bread
D:3:      wad_lake_hut, grunt_ministairs_11, nemelex_diamond_rough_becter

Skill      XL: |  1  2  3  4  5 |
---------------+----------------+-----
Dodging        | 3 |  3.0
Axes           | 3 4 |  4.7
Shields        | 4 5 |  5.0
Fighting       | |  3.2

Action                   |  1- 3 |  4- 6 || total
-------------------------+-------+-------++-------
Melee: War axe           |    73 |   111 ||   184
       Tailslap          |     6 |     6 ||    12
  Use: Potion            |     2 |     2 ||     4
  Eat: Chunk             |     2 |     3 ||     5
       Fruit             |       |     1 ||     1
Armor: Skin              |    28 |    34 ||    62
Dodge: Dodged            |    64 |    54 ||   118
Block: Shield            |    57 |    69 ||   126
